 Dungeon Crawl Stone Soup version 0.26.1-11-gd32895ea62 (webtiles) character file.

Game seed: 1131452094917996675

3528 Almogavar the Covert (level 10, 0/53 HPs)
             Began as a Kobold Conjurer on May 21, 2021.
             Was a Believer of Sif Muna.
             Killed by divine providence
             ... invoked by an orc priest
              (13 damage)
             ... on level 9 of the Dungeon.
             The game lasted 00:35:36 (10913 turns).

Almogavar the Covert (Kobold Conjurer)             Turns: 10913, Time: 00:35:36

Health: 0/53       AC:  3    Str:  5    XL:     10   Next: 29%
Magic:  14/30      EV: 17    Int: 21    God:    Sif Muna [**....]
Gold:   338        SH:  5    Dex: 15    Spells: 17/23 levels left

rFire    . . .     SeeInvis .   m - +0 dagger (elec)
rCold    . . .     Faith    .   (shield restricted)
rNeg     . . .     Spirit   .   a - +0 robe
rPois    .         Reflect  +   (no helmet)
rElec    .         Harm     .   (no cloak)
rCorr    .         Rampage  .   (no gloves)
Will     .....                  e - +0 pair of boots
Stlth    ++++++....             z - amulet of reflection
HPRegen  0.17/turn              t - ring of magical power
MPRegen  0.22/turn              L - ring of flight

@: no status effects
A: small, nightstalker 3
a: Renounce Religion, Evoke Flight, Channel Magic


You were on level 9 of the Dungeon.
You worshipped Sif Muna.
Sif Muna was pleased with you.
You visited 1 branch of the dungeon, and saw 9 of its levels.
You also visited: Ossuary.

You collected 338 gold pieces.

Inventory:

Hand Weapons
 m - a +0 dagger of electrocution (weapon)
 u - a +0 short sword of protection
 I - a +0 hunting sling
Missiles
 b - 49 poisoned darts
 j - 20 boomerangs
 x - 16 bolts
Armour
 a - a +0 robe (worn)
 e - a +0 pair of boots (worn)
 i - a +0 leather armour
 A - a +0 scale mail
 M - a +1 robe of willpower
Jewellery
 t - a ring of magical power (left hand)
 y - an uncursed amulet of guardian spirit
 z - an amulet of reflection (around neck)
 L - a ring of flight (right hand)
Wands
 p - a wand of enslavement (10)
 q - a wand of paralysis (18)
 D - a wand of flame (18)
 G - a wand of disintegration (13)
Scrolls
 d - a scroll of blinking
 f - 3 scrolls of fear
 g - a scroll of fog
 k - 3 scrolls of amnesia
 l - 5 scrolls of remove curse
 n - 2 scrolls of enchant weapon
 s - 2 scrolls of magic mapping
 w - 3 scrolls of teleportation {unknown}
 E - a scroll of summoning {unknown}
Potions
 c - 5 potions of curing
 h - 3 potions of might
 o - a potion of magic
 v - 2 potions of flight {unknown}
 B - 4 potions of lignification {unknown}
 C - a potion of attraction {unknown}
 F - a potion of mutation {unknown}
 H - a potion of resistance {unknown}
 J - a potion of brilliance {unknown}
 K - a potion of heal wounds {unknown}


   Skills:
 + Level 1.8 Fighting
 + Level 4.2 Short Blades
 + Level 4.2 Dodging
 + Level 11.5 Stealth
 + Level 2.1 Shields
 + Level 7.3 Spellcasting
 + Level 8.3 Conjurations


You had 17 spell levels left.
You knew the following spells:

 Your Spells              Type           Power        Failure   Level
a - Magic Dart            Conj           100%         1%          1
b - Searing Ray           Conj           84%          1%          2
c - Dazzling Flash        Conj/Hex       50%          4%          3

Your spell library contained the following spells:

 Spells                   Type           Power        Failure   Level
 Corona                   Hex            7%           9%          1
 Ensorcelled Hibernation  Hex/Ice        14%          13%         2
 Fulminant Prism          Conj/Hex       12%          16%         4
 Iskenderun's Mystic Bla  Conj/Tloc      25%          16%         4
 Confusing Touch          Hex            7%           26%         3
 Tukima's Dance           Hex            7%           26%         3


Dungeon Overview and Level Annotations

Branches:
Dungeon (8/15)             Temple (0/1) D:5         Ossuary (visited)
   Lair: D:8-11

Altars:
Ashenzari
Fedhas
Gozag
Hepliaklqana
Nemelex Xobeh
Okawaru
Ru
Sif Muna
Wu Jian
Yredelemnul
The Shining One


Innate Abilities, Weirdness & Mutations

You are small and have problems with some larger weapons.
You are completely attuned to the shadows.


Message History

The orc priest is heavily wounded.
The searing ray misses the orc priest. (Press . to maintain the ray.)
The orc warrior hits you with a +0 flail.
The searing ray hits the orc warrior.
The orc warrior is severely wounded.
The searing ray hits the orc priest!
The orc priest is heavily wounded.
The orc warrior hits you with a +0 flail!!
* * * LOW HITPOINT WARNING * * *
The orc priest hits you but does no damage.
The searing ray hits the orc warrior!
The orc warrior is almost dead.
The searing ray hits the orc priest!
You kill the orc priest!
Sif Muna accepts your kill. The orc warrior misses you.
The orc priest invokes the aid of Beogh against you.
Beogh smites you!
You die...

........#
.........
....o....
........#
"...)##
....)[##
.......##
......#)######
.......)o@...#
....[##.o#.#.#
............
###.####..#
##.....# ..#
#.......#
#.......#
....._....
#.#.......#


You could see an orc warrior and an orc priest.

Vanquished Creatures
  2 wraiths (Ossuary)
  3 steam dragons (D:7)
  2 orc warriors (D:8)
  An ice beast (D:7)
  2 sky beasts
  3 ogres
  4 centaurs
  2 bullfrogs
  2 scorpions
  9 wights
  3 howler monkeys (D:8)
  3 hounds
  4 jellies
  7 orc priests
  A centaur skeleton (D:8)
  A bullfrog skeleton (D:7)
  2 iguanas
  2 worker ants
  7 orc wizards
  A killer bee zombie (D:6)
  2 hound skeletons
  A howler monkey skeleton (D:4)
  7 gnolls
  5 adders
  2 shadow imps (D:6)
  A white imp (D:7)
  10 oozes
  An adder skeleton (D:5)
  An adder zombie (D:5)
  3 worms
  3 dart slugs
  2 leopard geckos
  35 orcs
  5 giant cockroaches
  7 goblins
  9 hobgoblins
  7 jackals
  17 kobolds
  A ball python (D:1)
  4 ball python skeletons (Ossuary)
  3 bats
  10 frilled lizards
  A hobgoblin skeleton (Ossuary)
  A kobold zombie (Ossuary)
  2 orc zombies (Ossuary)
  8 rats
  A spectral orc (D:6)
210 creatures vanquished.

Vanquished Creatures (others)
  2 fungi
  9 toadstools (D:3)
11 creatures vanquished.

Grand Total: 221 creatures vanquished

Notes
Turn   | Place    | Note
-------+----------+-------------------------------------------
     0 | D:1      | Almogavar the Kobold Conjurer began the quest for the Orb.
     0 | D:1      | Reached XP level 1. HP: 10/10 MP: 3/3
   191 | D:1      | Reached XP level 2. HP: 4/15 MP: 0/5
   413 | D:1      | Learned a level 2 spell: Searing Ray
  1299 | D:1      | Reached XP level 3. HP: 19/19 MP: 0/6
  2454 | D:2      | Reached skill level 3 in Stealth
  2454 | D:2      | Reached skill level 5 in Conjurations
  2454 | D:2      | Reached XP level 4. HP: 17/24 MP: 3/8
  2545 | D:3      | Reached XP level 5. HP: 13/28 MP: 1/9
  3018 | D:3      | Found an ornate altar of the Wu Jian Council.
  3042 | D:3      | Found an opulent altar of Gozag.
  3367 | D:3      | Reached skill level 4 in Stealth
  3367 | D:3      | Reached XP level 6. HP: 33/33 MP: 4/11
  3607 | D:3      | Found an iron altar of Okawaru.
  4606 | D:4      | Reached XP level 7. HP: 33/37 MP: 12/12
  4812 | D:4      | Reached skill level 1 in Short Blades
  4812 | D:4      | Reached skill level 5 in Stealth
  4888 | D:4      | Reached skill level 1 in Fighting
  5545 | D:4      | Found a shimmering blue altar of Sif Muna.
  5548 | D:4      | Became a worshipper of Sif Muna the Loreminder
  5782 | D:5      | Entered Level 5 of the Dungeon
  5811 | D:5      | Found a sand-covered staircase.
  5817 | Ossuary  | Entered an ossuary
  5964 | Ossuary  | Noticed a flying skull
  5964 | Ossuary  | Noticed a wraith
  5979 | Ossuary  | Noticed a flying skull
  6008 | Ossuary  | Noticed a flying skull
  6011 | Ossuary  | Noticed a wraith
  6019 | Ossuary  | Killed a wraith
  6020 | Ossuary  | Reached skill level 6 in Stealth
  6020 | Ossuary  | Reached XP level 8. HP: 14/43 MP: 15/15
  6269 | Ossuary  | Noticed a flying skull
  6277 | Ossuary  | Noticed a wraith
  6289 | Ossuary  | Killed a wraith
  6290 | Ossuary  | Reached skill level 5 in Spellcasting
  6554 | D:5      | Reached skill level 7 in Stealth
  6691 | D:5      | Learned a level 3 spell: Dazzling Flash
  6866 | D:5      | Reached * piety under Sif Muna
  6956 | D:5      | Found a staircase to the Ecumenical Temple.
  7233 | D:5      | Found a glowing golden altar of the Shining One.
  7243 | D:5      | Found an opulent altar of Gozag.
  7396 | D:5      | Found a sacrificial altar of Ru.
  7608 | D:6      | Found a basalt altar of Yredelemnul.
  7658 | D:6      | Reached skill level 1 in Shields
  7791 | D:6      | Reached XP level 9. HP: 47/47 MP: 17/17
  7903 | D:6      | Reached skill level 8 in Stealth
  8426 | D:6      | Found a sparkling altar of Nemelex Xobeh.
  8690 | D:7      | Found a blossoming altar of Fedhas.
  8695 | D:7      | Reached skill level 9 in Stealth
  8966 | D:7      | Reached ** piety under Sif Muna
  9650 | D:7      | Reached skill level 10 in Stealth
  9758 | D:7      | Found a hazy altar of Hepliaklqana.
  9988 | D:8      | Reached XP level 10. HP: 52/52 MP: 20/20
 10494 | D:8      | Found a sparkling altar of Nemelex Xobeh.
 10528 | D:8      | Reached skill level 11 in Stealth
 10823 | D:8      | You fall into a shaft and drop 1 floor!
 10823 | D:9      | Found a broken altar of Ashenzari.
 10913 | D:9      | Killed from afar by an orc priest

Illustrated notes

Levels and vault maps discovered:
D:1:      dpeg_arrival_shelter, layout_loops_ring, minmay_hexomino_p4
D:2:      layout_loops_cross
D:3:      cheibrodos_fertilizer, layout_loops_ring, lemuel_crystal_altar,
          nzn_wu_jian_contemplation, grunt_gozag_statues
D:4:      layout_basic, kennysheep_mini
D:5:      cheibrodos_helix_gallery, layout_cave_pools,
          grunt_temple_overflow_open, minmay_temple_entry_sparse_star,
          nicolae_ossuary_entry_monument, nicolae_ru_the_path_less_chosen
D:6:      layout_loops_ring, yredelemnul_forgotten_temple_becter,
          nemelex_dance_club_becter
D:7:      kennysheep_steamy, layout_loops_corners, nzn_hepliaklqana_mist_gate,
          old_standard_altar
D:8:      layout_basic, nemelex_xobeh_ov_fountains_minmay, lair_entry_dummy,
          uniq_grum
D:9:      layout_cave_pools, lemuel_coloured_pillars_altar, old_standard_altar

Skill      XL: |  1  2  3  4  5  6  7  8  9 10 |
---------------+-------------------------------+-----
Stealth        | 3 4 6 7 10 11 | 11.5
Conjurations   | 5 6 7 8 |  8.3
Spellcasting   | 3 4 5 6 7 |  7.3
Dodging        | 3 4 |  4.2
Short Blades   | 1 3 4 |  4.2
Fighting       | 1 |  1.8
Shields        | 1 2 |  2.1

Action                   |  1- 3 |  4- 6 |  7- 9 | 10-12 || total
-------------------------+-------+-------+-------+-------++-------
Melee: Dagger            |     3 |    20 |    35 |     2 ||    60
 Cast: Magic Dart        |    50 |    23 |    22 |     1 ||    96
       Searing Ray       |     9 |    22 |    62 |    24 ||   117
       Dazzling Flash    |       |       |       |     2 ||     2
  Use: Scroll            |     3 |       |     9 |     1 ||    13
 Stab: Sleeping          |     3 |     4 |    22 |     2 ||    31
Armor: Robe              |     1 |     8 |     2 |     1 ||    12
Dodge: Dodged            |     9 |    18 |    37 |    11 ||    75
Block: Other             |       |       |    16 |     4 ||    20
       Reflection        |       |       |     2 |       ||     2
